 Dungeon Crawl Stone Soup version 0.30.0-19-g36f170ea60 (webtiles) character file.

Game seed: 8000563750802412242

8695 monsoonserge the Geomancer (level 11, 0/85 HPs)
             Began as a Meteoran Earth Elementalist on May 28, 2023.
             Was a Believer of Vehumet.
             Slain by a killer bee (7 damage)
             ... on level 10 of the Dungeon on May 29, 2023.
             The game lasted 00:56:19 (5310 turns).

monsoonserge the Geomancer (MeEE)                   Turns: 5310, Time: 00:56:20

Health: 0/85       AC:  4    Str: 11    XL:     11   Next: 91%
Magic:  12/27      EV: 15    Int: 26    God:    Vehumet [**....]
Gold:   482        SH:  4    Dex: 15    Spells: 7/18 levels left

rFire   . . .        o - +2 dagger (venom)
rCold   . . .        U - +0 buckler
rNeg    + . .        y - +0 robe "Nejuet" {rPois rN+ Will+}
rPois   +            (no helmet)
rElec   .            (no cloak)
rCorr   .            H - +0 pair of gloves
SInv    .            G - +0 pair of boots
Will    ++...        (no amulet)
Stlth   +            x - ring of magical power
HPRegen 0.34/turn    B - +6 ring of intelligence
MPRegen 0.20/turn

%: no passive effects
@: glowing
A: sense surroundings 2, otherworldly, glowing, explore regen
a: Renounce Religion


You were on level 10 of the Dungeon.
You worshipped Vehumet.
Vehumet was pleased with you.
You visited 2 branches of the dungeon, and saw 11 of its levels.
You also visited: Sewer.

You collected 482 gold pieces.

Inventory:

Hand Weapons
 e - a +3 short sword
 m - a +2 scythe of venom
 o - a +2 dagger of venom (weapon)
 C - a +0 dagger of flaming
 R - a +1 heavy great sword
Missiles
 d - a curare-tipped dart
 s - 42 poisoned darts
 K - 5 boomerangs (quivered)
 S - 7 javelins
Armour
 y - the +0 robe "Nejuet" (worn) {rPois rN+ Will+}
   (You found it on level 3 of the Dungeon)

   rPois:     It protects you from poison.
   rN:        It protects you from negative energy.
   Will:      It increases your willpower.
 G - a +0 pair of boots (worn)
 H - a +0 pair of gloves (worn)
 N - a +1 chain mail of poison resistance
 T - a +1 scale mail of fire resistance
 U - a +0 buckler (worn)
 V - +0 acid dragon scales
Magical Staves
 I - a staff of cold
Jewellery
 x - a ring of magical power (left hand)
 B - a +6 ring of intelligence (right hand)
 Q - a +6 ring of dexterity
Wands
 h - a wand of acid (13)
 l - a wand of roots (7)
 L - a wand of mindburst (7)
 O - a wand of digging (4)
Scrolls
 a - a scroll of magic mapping {unknown}
 c - 4 scrolls of identify
 i - 3 scrolls of amnesia
 k - 5 scrolls of teleportation
 n - 2 scrolls of vulnerability {unknown}
 p - 2 scrolls of enchant armour {unknown}
 q - 2 scrolls of immolation {unknown}
 v - 3 scrolls of fear {unknown}
 z - 3 scrolls of fog
 A - a scroll of silence {unknown}
 D - a scroll of enchant weapon {unknown}
 J - a scroll of brand weapon {unknown}
 M - 2 scrolls of summoning {unknown}
 P - a scroll of blinking {unknown}
Potions
 b - a potion of magic
 f - a potion of resistance {unknown}
 g - 2 potions of cancellation {unknown}
 j - 3 potions of mutation
 r - 2 potions of curing
 t - 2 potions of haste
 u - 3 potions of might
 w - 3 potions of brilliance
 F - a potion of lignification {unknown}


   Skills:
 + Level 4.6 Fighting
 + Level 4.2 Short Blades
 + Level 2.5 Polearms
 + Level 0.6 Throwing
 - Level 2.4 Armour
 + Level 7.3 Dodging
 - Level 2.0 Stealth
 * Level 1.6 Shields
 - Level 4.0 Spellcasting
 + Level 7.7 Conjurations
 - Level 4.0 Summonings
 + Level 5.9 Transmutations
 + Level 13.8 Earth Magic


You had 7 spell levels left.
You knew the following spells:

 Your Spells              Type           Power      Damage    Failure   Level
a - Sandblast             Erth           100%       2d20      1%          1
b - Stone Arrow           Conj/Erth      100%       3d13      1%          3
c - Petrify               Tmut/Erth      54%        N/A       1%          4
d - Call Canine Familiar  Summ           26%        N/A       7%          3

Your spell library contained the following spells:

 Spells                   Type           Power      Damage    Failure   Level
 Poisonous Vapours        Pois/Air       10%        N/A       19%         2
 Passwall                 Tmut/Erth      45%        N/A       1%          2
 Leda's Liquefaction      Hex/Erth       20%        N/A       7%          4
 Ozocubu's Armour         Ice            5%         N/A       36%         3
 Portal Projectile        Hex/Tloc       10%        N/A       36%         3
 Tukima's Dance           Hex            5%         N/A       36%         3
 Vhi's Electric Charge    Tloc/Air       10%        N/A       36%         3
 Arcjolt                  Conj/Air       12%        1d22      56%         5
 Yara's Violent Unravell  Hex/Tmut       10%        3d6       71%         5
 Passage of Golubria      Tloc           5%         N/A       77%         4
 Metabolic Englaciation   Hex/Ice        2%         N/A       98%         5
 Silence                  Hex/Air        2%         N/A       98%         5
 Simulacrum               Ice/Necr       2%         N/A       100%        6
 Lehudib's Crystal Spear  Conj/Erth      28%        10d8      100%        8
 Maxwell's Capacitive Co  Air            2%         ∞         100%        8


Dungeon Overview and Level Annotations

Branches:
Dungeon (10/15) Zot: 1141  Temple (1/1) D:7 Zot: 524    Lair (0/5) D:9
  Sewer (visited)
    Orc: D:9-12

Altars:
Ashenzari
Cheibriados
Dithmenos
Elyvilon
Fedhas
Gozag
Hepliaklqana
Kikubaaqudgha
Makhleb
Nemelex Xobeh
Okawaru
Qazlal
Ru
Sif Muna
Trog
Uskayaw
Vehumet
Wu Jian
Xom
Yredelemnul
Zin
The Shining One

Annotations:
D:5 1 runed translucent door, knightboat's ghost, novice DECj
D:8 1 runed translucent door, turdburglar's ghost, novice KoEn


Innate Abilities, Weirdness & Mutations

You passively map the area around you.
You are easily found by Zot.
You glow in the dark.
You regain HP and MP as you explore.


Message History

The killer bee misses you.
Your hound misses the killer bee. The killer bee closely misses you.
Casting: Sandblast (safe; 1% risk of failure)
Confirm with . or Enter, or press ? or * to list all spells.
Aiming: Sandblast (safe; 1% risk of failure)
Press: ? - help, Shift-Dir - straight line, f - orc warrior
Aim: an orc warrior, wielding a +0 arbalest and wearing a +0 plate armour (85% to hit)
The blast of sand hits the orc warrior.
The orc warrior is moderately wounded.
Your hound barely misses the killer bee.
The killer bee stings you.
* * * LOW HITPOINT WARNING * * *
An orc priest comes into view. It is wielding a +0 war axe.
Your hound closely misses the killer bee.
You block the killer bee's attack.
The orc warrior shoots a bolt.
The bolt barely misses you.
Your hound bites the killer bee.
The killer bee stings your hound.
You closely miss the killer bee.
The killer bee is heavily wounded.
You block the killer bee's attack.
The orc warrior shoots a bolt.
The bolt hits you!
* * * LOW HITPOINT WARNING * * *
A two-headed ogre comes into view. It is wielding two +0 giant clubs.
Your hound barely misses the killer bee.
Casting: Sandblast (safe; 1% risk of failure)
Confirm with . or Enter, or press ? or * to list all spells.
Aiming: Sandblast (safe; 1% risk of failure)
Press: ? - help, Shift-Dir - straight line, f/p - orc warrior
Aim: an orc warrior, wielding a +0 arbalest and wearing a +0 plate armour (moderately wounded, 85% to hit)
The blast of sand hits the orc warrior!!
You kill the orc warrior!
Vehumet accepts your kill.
You feel your power returning. The killer bee stings you.
* * * LOW HITPOINT WARNING * * *
Your hound misses the killer bee. The killer bee stings you.
* * * LOW HITPOINT WARNING * * *
Your hound bites the killer bee.
The orc priest looks satisfied for a moment.
The killer bee stings you!
You die...

* ## ~♣ .. ##### * ~~~
#. #...# * P~~♣#.#
#...###### ~~P~P..##
#......... * ~
≈≈P~~♣..## #......... ~~
~≈~~~~P..######.........
~ ~
~≈≈~†~†................†
~
~~P≈~hy@#...#####)#.....
, , ........#.###
#.#>..## ~ ~ ~≈~≈~.~#..#
#.#...# ~ ~ ~
~~~P~~)~~.## #..)..#
**♣~~~~)P♣~# #.....# * *
♣♣~~~o~~♣♣* ,,......# ~
* ♣~P~O≈~* ,,, ...##.* ~
* ♣~P~.~ * * , , #.. * ~
~ ~ , *#.#


You could see a two-headed ogre, a killer bee (poisoned, ally target), an orc
priest and a friendly hound (summoned).

Vanquished Creatures
  A two-headed ogre (D:8)
  Urug (D:10)
  Lodul (D:10)
  2 komodo dragons
  A troll (D:6)
  Sigmund (D:2)
  A shadow (D:10)
  2 wraiths
  A wyvern (D:8)
  4 yaks (D:8)
  Menkaure (D:4)
  6 water moccasins
  3 ice beasts
  2 orc warriors
  A sky beast (D:6)
  A black bear (D:4)
  6 ogres
  3 centaurs
  7 kobold brigands
  7 bullfrogs
  2 scorpions
  14 killer bees
  A howler monkey (D:9)
  A nameless horror (D:9)
  3 electric eels (D:10)
  2 quasits (D:8)
  3 orc priests
  3 hounds
  A jelly (D:7)
  2 sleepcaps
  6 iguanas
  Terence (D:3)
  3 orc wizards
  3 gnolls (D:8)
  7 adders
  2 river rats (Sewer)
  3 white imps (D:8)
  4 ufetubi
  2 worms
  3 dart slugs
  18 orcs
  9 ball pythons
  4 bats
  7 endoplasms
  6 goblins
  4 hobgoblins
  18 kobolds
  2 quokkas
  6 frilled lizards
  7 rats
199 creatures vanquished.

Vanquished Creatures (collateral kills)
  An acid dragon (D:10)
  2 ogres (D:10)
  An orc wizard (D:10)
  2 kobolds (D:8)
6 creatures vanquished.

Vanquished Creatures (others)
  An orc wizard (D:3)
1 creature vanquished.

Grand Total: 206 creatures vanquished

Notes
Turn   | Place    | Note
-------+----------+-------------------------------------------
     0 | D:1      | monsoonserge the Meteoran Earth Elementalist began the
                  | quest for the Orb.
     0 | D:1      | Reached XP level 1. HP: 14/14 MP: 5/5
   104 | D:1      | Reached skill level 4 in Earth Magic
   104 | D:1      | Reached XP level 2. HP: 17/20 MP: 6/6
   408 | D:2      | Noticed Sigmund
   420 | D:2      | HP: 1/20 [something (6)]
   580 | D:2      | Reached XP level 3. HP: 26/26 MP: 6/8
   584 | D:2      | Killed Sigmund
   585 | D:2      | Reached skill level 1 in Armour
   585 | D:2      | Reached skill level 5 in Earth Magic
   585 | D:2      | Reached XP level 4. HP: 27/34 MP: 4/11
   585 | D:2      | Reached XP level 5. HP: 31/39 MP: 4/12
   585 | D:2      | Reached XP level 6. HP: 37/46 MP: 4/13
   859 | D:2      | Learned a level 3 spell: Stone Arrow
   909 | D:3      | Reached skill level 6 in Earth Magic
  1071 | D:3      | Found a snail-covered altar of Cheibriados.
  1257 | D:3      | Identified the +0 robe "Nejuet" {rPois rN+ Will+}
  1321 | D:3      | Noticed Terence
  1334 | D:3      | Killed Terence
  1734 | D:4      | Found a burning altar of Makhleb.
  1740 | D:4      | Found a white marble altar of Elyvilon.
  1792 | D:4      | Noticed Menkaure
  1797 | D:4      | Killed Menkaure
  1798 | D:4      | Reached skill level 1 in Fighting
  1798 | D:4      | Reached skill level 1 in Short Blades
  1798 | D:4      | Reached skill level 1 in Polearms
  1798 | D:4      | Reached skill level 1 in Conjurations
  1798 | D:4      | Reached XP level 7. HP: 41/52 MP: 10/14
  1803 | D:4      | Learned a level 4 spell: Petrify
  1881 | D:4      | Reached skill level 7 in Earth Magic
  1881 | D:4      | Reached XP level 8. HP: 59/59 MP: 15/15
  2082 | D:5      | Entered Level 5 of the Dungeon
  2552 | D:5      | Found a runed translucent door.
  2553 | D:5      | Noticed knightboat's ghost (novice DECj)
  2605 | D:6      | Reached skill level 8 in Earth Magic
  2605 | D:6      | Gained mutation: You passively map the area around you.
                  | [Meteoran growth]
  2605 | D:6      | Reached XP level 9. HP: 61/67 MP: 16/16
  2673 | D:6      | Noticed a troll
  2693 | D:6      | Killed a troll
  2694 | D:6      | Reached skill level 9 in Earth Magic
  2760 | D:6      | Reached skill level 5 in Transmutations
  2773 | D:6      | Found a glowing drain.
  2779 | Sewer    | Entered a sewer
  2939 | Sewer    | Reached skill level 5 in Conjurations
  3155 | Sewer    | Glimpsed the power of Zot.
  3193 | Sewer    | Glimpsed the power of Zot.
  3226 | Sewer    | Glimpsed the power of Zot.
  3329 | D:6      | Reached XP level 10. HP: 77/77 MP: 17/17
  3524 | D:7      | Found a staircase to the Ecumenical Temple.
  3530 | Temple   | Entered the Ecumenical Temple
  3585 | Temple   | Became a worshipper of Vehumet
  3650 | D:7      | Learned a level 3 spell: Call Canine Familiar
  3682 | D:7      | Reached skill level 10 in Earth Magic
  3858 | D:7      | Reached skill level 1 in Summonings
  4033 | D:8      | Noticed turdburglar's ghost (novice KoEn)
  4036 | D:8      | Found a runed translucent door.
  4046 | D:8      | Reached * piety under Vehumet
  4046 | D:8      | Offered knowledge of Freeze by Vehumet.
  4047 | D:8      | Reached skill level 11 in Earth Magic
  4109 | D:8      | Reached skill level 5 in Dodging
  4267 | D:8      | Noticed a two-headed ogre
  4278 | D:8      | Killed a two-headed ogre
  4279 | D:8      | Reached skill level 12 in Earth Magic
  4279 | D:8      | Reached XP level 11. HP: 18/84 MP: 5/18
  4343 | D:8      | Offered knowledge of Momentum Strike by Vehumet.
  4348 | D:8      | Reached ** piety under Vehumet
  4350 | D:8      | HP: 4/84 [killer bee (1)]
  4350 | D:8      | HP: 1/84 [killer bee (3)]
  4365 | D:8      | Found a broken altar of Ashenzari.
  4365 | D:8      | Found an ornate altar of the Wu Jian Council.
  4370 | D:8      | Found a stormy altar of Qazlal.
  4372 | D:8      | Found an iron altar of Okawaru.
  4373 | D:8      | Found a sacrificial altar of Ru.
  4537 | D:9      | Found a staircase to the Lair.
  4803 | D:9      | Reached skill level 13 in Earth Magic
  5130 | D:10     | Entered Level 10 of the Dungeon
  5172 | D:10     | Noticed Urug
  5182 | D:10     | Killed Urug
  5239 | D:10     | Noticed Lodul
  5246 | D:10     | Killed Lodul
  5247 | D:10     | Reached skill level 1 in Shields
  5304 | D:10     | Offered knowledge of Poisonous Vapours by Vehumet.
  5309 | D:10     | Noticed a two-headed ogre
  5310 | D:10     | Slain by a killer bee

Illustrated notes

Levels and vault maps discovered:
D:1:      dpeg_arrival_radiant, layout_loops_ring, amcnicky_mini_pool_small
D:2:      layout_loops_ring, uniq_sigmund
D:3:      layout_loops_ring, general_overflow_altar, uniq_terence
D:4:      layout_layer_cave, amethyst_overflow_temple_binary, uniq_menkaure
D:5:      kennysheep_spiral_hall, layout_basic, ebering_ghost_reflecting_pool
D:6:      layout_basic, portal_sewer_entry_e
D:7:      layout_loops_ring, temple_green
D:8:      layout_basic, chequers_temple_overflow_minitemple,
          hellmonk_ghost_happy_afterlife, serial_demonic, serial_demonic_b,
          serial_demonic_c, serial_demonic_f, serial_demonic_d
D:9:      layout_loops_corners, david_lair_shrubbed, serial_aquarium,
          aquarium_bridge_straight [aquarium_subvault_bridge,
          aquarium_subvault_window, aquarium_subvault_bridge,
          aquarium_subvault_balcony], aquarium_bridge_square
          [aquarium_subvault_bridge, aquarium_subvault_window,
          aquarium_subvault_balcony, aquarium_subvault_bridge],
          aquarium_window_2, aquarium_window_1, aquarium_window_fake,
          aquarium_view_4
D:10:     layout_rooms, serial_bayou_lagoon_b, uniq_lodul, uniq_urug
Temple:   nicolae_temple_great_sept

Skill      XL: |  1  2  3  4  5  6  7  8  9 10 11 |
---------------+----------------------------------+-----
Earth Magic    | 4 5 6 7 8 9 12 13 | 13.8
Spellcasting   | 3 4 |  4.0
Armour         | 1 2 |  2.4
Fighting       | 1 2 3 4 |  4.6
Short Blades   | 1 2 3 4 |  4.2
Polearms       | 1 2 |  2.5
Conjurations   | 1 2 3 5 6 7 |  7.7
Dodging        | 3 4 5 7 |  7.3
Transmutations | 2 3 5 |  5.9
Stealth        | 2 |  2.0
Summonings     | 3 4 |  4.0
Shields        | 1 |  1.6
Throwing       | |  0.6

Action                     |  1- 3 |  4- 6 |  7- 9 | 10-12 || total
---------------------------+-------+-------+-------+-------++-------
  Melee: Dagger            |     6 |    36 |    25 |    57 ||   124
         Punch             |     1 |     1 |     1 |     1 ||     4
         Short sword       |     6 |       |       |       ||     6
         Halberd           |       |    10 |       |       ||    10
  Throw: Dart              |       |       |     2 |       ||     2
         Boomerang         |       |       |       |     1 ||     1
   Cast: Sandblast         |    22 |    22 |    49 |    73 ||   166
         Stone Arrow       |       |     7 |    47 |    70 ||   124
         Call Canine Famil |       |       |       |    11 ||    11
    Use: Potion            |       |     1 |     1 |     3 ||     5
         Scroll            |       |       |       |     9 ||     9
   Stab: Sleeping          |       |     1 |       |       ||     1
 Armour: Leather armour    |     7 |     6 |       |       ||    13
         Robe              |       |       |    20 |    19 ||    39
  Dodge: Dodged            |     5 |    25 |    42 |   115 ||   187
  Block: Buckler           |       |       |       |     3 ||     3
